 Dungeon Crawl Stone Soup version 0.19.1 (webtiles) character file.

26718 Mesmaeker13 the Cleaver (level 13, -1/123 HPs)
             Began as a Minotaur Gladiator on Dec 24, 2016.
             Was a High Priest of Okawaru.
             Slain by an eight-headed hydra (4 damage)
             ... on level 4 of the Lair of Beasts.
             The game lasted 00:37:00 (17140 turns).

Mesmaeker13 the Cleaver (Minotaur Gladiator)       Turns: 17140, Time: 00:37:01

Health: -1/123     AC: 14    Str: 20    XL:     13   Next: 0%
Magic:  25/25      EV: 13    Int:  9    God:    Okawaru [*****.]
Gold:   1162       SH:  0    Dex: 12    Spells: 0 memorised, 12 levels left

rFire  . . .     SeeInvis .     S - +4 mace of Seuvi {vamp, rN++}
rCold  . . .     Gourm    .     M - +1 scale mail {rPois}
rNeg   + + .     Faith    .     (no shield)
rPois  +         Spirit   .     B - +1 hat
rElec  .         Reflect  .     (no cloak)
rCorr  +         Harm     .     (no gloves)
MR     .....                    N - +1 pair of boots {run}
Stlth  ..........               K - amulet of regeneration
                                V - ring of magical power
                                E - ring of resist corrosion

@: quick
A: retaliatory headbutt, horns 2
a: Heroism, Finesse, Renounce Religion


You were on level 4 of the Lair of Beasts.
You worshipped Okawaru.
Okawaru was extremely pleased with you.
You were not hungry.

You visited 3 branches of the dungeon, and saw 17 of its levels.

You collected 1188 gold pieces.
You spent 26 gold pieces at shops.

Inventory:

Hand Weapons
 a - a +5 war axe of freezing
 b - a +0 blowgun
 S - the +4 mace of Seuvi (weapon) {vamp, rN++}
   (You found it on level 11 of the Dungeon)

   It inflicts no extra harm, but heals its wielder when it wounds a living foe.
   It greatly protects you from negative energy.
Missiles
 d - 4 throwing nets (quivered)
 m - 8 exploding tomahawks
 s - 58 poisoned needles
 y - 8 steel javelins
 C - 12 tomahawks
Armour
 i - a +3 chain mail of cold resistance
 B - a +1 hat (worn)
 M - a +1 scale mail of poison resistance (worn)
 N - a +1 pair of boots of running (worn)
 Q - a +2 scale mail of fire resistance
Jewellery
 E - a ring of resist corrosion (left hand)
 K - an amulet of regeneration (around neck)
 V - a ring of magical power (right hand)
Wands
 p - a wand of lightning (2/15)
 t - a wand of iceblast (1/15)
 T - a wand of disintegration (14/24)
Scrolls
 c - 4 scrolls of teleportation
 e - a scroll of fear
 h - 6 scrolls of fog
 x - 3 scrolls of recharging
 A - 4 scrolls of amnesia
 G - 2 scrolls of magic mapping
 I - 5 scrolls of remove curse
Potions
 g - a potion of might
 j - a potion of cancellation {unknown}
 l - 2 potions of flight
 q - 2 potions of brilliance {unknown}
 r - a potion of heal wounds
 u - 3 potions of agility
 w - a potion of resistance
 z - a potion of cure mutation
 R - 2 potions of curing
Books
 D - a book of Clouds

   Spells                             Type                      Level
   a - Mephitic Cloud                 Conjuration/Poison/Air       3
   b - Conjure Flame                  Conjuration/Fire             3
   c - Poisonous Cloud                Conjuration/Poison/Air       6
   d - Freezing Cloud                 Conjuration/Ice/Air          6
   e - Ring of Flames                 Charms/Fire                  7
 H - a book of Conjurations

   Spells                             Type                      Level
   a - Magic Dart                     Conjuration                  1
   b - Searing Ray                    Conjuration                  2
   c - Dazzling Spray                 Conjuration/Hexes            3
   d - Fulminant Prism                Conjuration/Hexes            4
   e - Iskenderun's Mystic Blast      Conjuration                  4
   f - Iskenderun's Battlesphere      Conjuration/Charms           5
Miscellaneous
 L - a phial of floods
 O - a fan of gales
Comestibles
 f - 7 bread rations
 k - 4 beef jerkies
 o - 9 fruits
 v - 3 chunks of flesh
 F - 7 meat rations
 P - 9 royal jellies


   Skills:
 + Level 13.7 Fighting
 + Level 14.9 Axes
 - Level 2.0 Throwing
 + Level 13.5 Armour
 - Level 6.2 Dodging
 - Level 5.5 Invocations


You had 12 spell levels left.
You didn't know any spells.

Dungeon Overview and Level Annotations

Branches:
Dungeon (12/15)            Temple (1/1) D:6            Lair (4/6) D:8
  Swamp (0/4) Lair:3        Snake (0/4) Lair:3          Orc (0/2) D:11

Altars:
Dithmenos
Elyvilon
Gozag
Hepliaklqana
Makhleb
Okawaru
Qazlal
Ru
Sif Muna
Uskayaw
Vehumet
Xom
Yredelemnul
The Shining One

Shops:
D:9 *


Innate Abilities, Weirdness & Mutations

You reflexively headbutt those who attack you in melee.
You have a pair of horns on your head.


Message History

* * * LOW HITPOINT WARNING * * *
The eight-headed hydra bites you.
* * * LOW HITPOINT WARNING * * *
The eight-headed hydra bites you!
* * * LOW HITPOINT WARNING * * *
You feel much better.
The eight-headed hydra barely misses you.
The eight-headed hydra bites you.
* * * LOW HITPOINT WARNING * * *
The eight-headed hydra bites you but does no damage.
The eight-headed hydra bites you.
* * * LOW HITPOINT WARNING * * *
The eight-headed hydra bites you!
* * * LOW HITPOINT WARNING * * *
The eight-headed hydra bites you.
* * * LOW HITPOINT WARNING * * *
The eight-headed hydra bites you!
* * * LOW HITPOINT WARNING * * *
The eight-headed hydra bites you.
You die...

## # ..# # # ####
... .# ##P#####.#.
##.. ..#
...........##
#..##..
#P#...##PP..#
#..#.. ### ## ##..#
#...# .##
#...####.D# #.##
#......@.# ...#
##..#P#.### ..##
#...##### .## #...#
.## ##.## #.###
#.#### ....##
##....#
#.#..####.....####.
##..###...#>.......


You could see an eight-headed hydra.

Vanquished Creatures
  Josephine (D:10)
  Harold (D:10)
  A hydra (Lair:1)
  The ghost of kae the Commander, a journeyman FoFi of Okawaru (Lair:2)
  The ghost of Paps the Basher, a novice GrFi of Okawaru (D:8)
  4 hill giants
  The ghost of Scuka the Archer, a novice CeHu of Okawaru (D:6)
  A deep elf mage (D:12)
  A cyclops (D:11)
  Joseph (D:7)
  A black mamba (Lair:4)
  4 spiny frogs
  3 komodo dragons
  2 trolls
  4 hornets
  A hippogriff (D:12)
  7 wraiths
  A wyvern (Lair:3)
  30 yaks
  A vampire (D:11)
  2 basilisks (Lair:3)
  2 hungry ghosts (D:8)
  4 swamp worms (Lair:3)
  2 nagas (Lair:3)
  5 water moccasins
  2 porcupines
  6 ice beasts
  3 orc warriors
  3 phantoms
  An eye of draining (D:12)
  3 black bears
  2 necrophages
  2 sky beasts
  3 wolves (Lair:1)
  6 ogres
  18 centaurs
  9 crocodiles
  2 big kobolds
  8 bullfrogs
  A wyvern skeleton (D:10)
  4 scorpions
  17 killer bees
  An electric eel (Lair:3)
  3 howler monkeys
  6 crimson imps
  5 orc priests
  5 jellies
  9 hounds
  12 orc wizards
  3 bullfrog skeletons
  2 centaur skeletons
  6 iguanas
  13 worker ants
  A hound zombie (D:6)
  A hound skeleton (D:7)
  2 worker ant zombies
  10 adders
  3 gnolls
  3 shadow imps
  2 oozes (D:1)
  6 worms
  4 dart slugs
  5 leopard geckos
  47 orcs
  8 bats
  7 giant cockroaches
  5 goblins
  5 hobgoblins
  15 jackals
  15 kobolds
  7 quokkas
  A ball python skeleton (D:4)
  3 frilled lizards
  2 jackal skeletons
  A jackal zombie (D:7)
  A leopard gecko skeleton (D:7)
  9 rats
  A fungus (Lair:2)
401 creatures vanquished.

Vanquished Creatures (others)
  2 fungi
  2 plants
4 creatures vanquished.

Grand Total: 405 creatures vanquished

Notes
Turn   | Place    | Note
-------+----------+-------------------------------------------
     0 | D:1      | Mesmaeker13 the Minotaur Gladiator began the quest for the Orb.
     0 | D:1      | Reached XP level 1. HP: 18/18 MP: 0/0
    80 | D:1      | Reached XP level 2. HP: 17/25 MP: 1/1
   114 | D:1      | Reached skill level 4 in Axes
   314 | D:1      | Reached XP level 3. HP: 27/31 MP: 2/2
  1284 | D:3      | Reached XP level 4. HP: 39/40 MP: 3/3
  2449 | D:4      | Reached XP level 5. HP: 46/47 MP: 4/4
  2527 | D:4      | Reached skill level 5 in Axes
  3104 | D:4      | Reached skill level 5 in Fighting
  3104 | D:4      | Reached skill level 5 in Dodging
  3414 | D:4      | Reached XP level 6. HP: 44/56 MP: 5/5
  3659 | D:4      | Found a hazy altar of Hepliaklqana.
  3700 | D:5      | Entered Level 5 of the Dungeon
  3970 | D:5      | Noticed an ice beast
  3977 | D:5      | Killed an ice beast
  3977 | D:5      | Reached skill level 6 in Axes
  3977 | D:5      | Reached XP level 7. HP: 62/62 MP: 6/6
  4222 | D:5      | Reached skill level 1 in Armour
  4252 | D:5      | Reached skill level 7 in Axes
  4486 | D:5      | Reached XP level 8. HP: 71/71 MP: 7/7
  4922 | D:6      | Noticed Scuka's ghost (novice CeHu)
  5265 | D:7      | Reached skill level 8 in Axes
  5354 | D:7      | Noticed Joseph
  5374 | D:7      | Killed Joseph
  5374 | D:7      | Reached skill level 5 in Armour
  5668 | D:7      | Reached XP level 9. HP: 80/82 MP: 8/8
  5769 | D:7      | Reached skill level 9 in Axes
  6535 | D:8      | Noticed Paps's ghost (novice GrFi)
  6817 | D:6      | Noticed a hill giant
  6826 | D:6      | Killed a hill giant
  6826 | D:6      | Reached skill level 10 in Fighting
  6826 | D:6      | Reached skill level 10 in Axes
  6841 | D:6      | Killed Scuka's ghost
  6868 | D:6      | Found a staircase to the Ecumenical Temple.
  6888 | Temple   | Entered the Ecumenical Temple
  7175 | Temple   | Became a worshipper of Warmaster Okawaru
  7364 | D:6      | Reached XP level 10. HP: 88/93 MP: 9/9
  8420 | D:8      | Reached * piety under Okawaru
  8736 | D:8      | Reached skill level 11 in Axes
  8850 | D:8      | Found a staircase to the Lair.
  8855 | D:8      | Found a glowing golden altar of the Shining One.
  9025 | D:8      | Killed Paps's ghost
  9685 | D:9      | Reached ** piety under Okawaru
 10011 | D:9      | Reached skill level 10 in Armour
 10017 | D:9      | Reached skill level 1 in Invocations
 10021 | D:9      | Reached *** piety under Okawaru
 10021 | D:9      | Reached skill level 12 in Axes
 10021 | D:9      | Reached XP level 11. HP: 48/104 MP: 10/10
 10611 | D:9      | Found Qaydeymp's General Store.
 10650 | D:9      | Bought a scroll of identify for 26 gold pieces
 10819 | D:9      | Paralysed by a hornet for 1 turns
 11209 | D:10     | Entered Level 10 of the Dungeon
 11279 | D:10     | Noticed a hill giant
 11285 | D:10     | Killed a hill giant
 11484 | D:10     | Noticed a hill giant
 11494 | D:10     | Killed a hill giant
 11494 | D:10     | Reached **** piety under Okawaru
 11964 | D:10     | Paralysed by a hornet for 1 turns
 12095 | D:10     | Noticed Josephine
 12103 | D:10     | Killed Josephine
 12114 | D:10     | Reached skill level 13 in Axes
 12235 | D:10     | Reached skill level 5 in Invocations
 12433 | D:10     | Noticed Harold
 12447 | D:10     | Killed Harold
 12830 | D:11     | Reached ***** piety under Okawaru
 13214 | D:11     | Found a staircase to the Orcish Mines.
 13296 | D:11     | Noticed a hill giant
 13301 | D:11     | Killed a hill giant
 13301 | D:11     | Received a gift from Okawaru
 13598 | D:11     | Reached XP level 12. HP: 112/112 MP: 15/15
 13651 | D:11     | Got a shimmering mace
 14551 | Lair:1   | Entered Level 1 of the Lair of Beasts
 14736 | Lair:1   | Reached skill level 14 in Axes
 15057 | Lair:1   | Noticed a four-headed hydra
 15060 | Lair:1   | Identified the +4 mace of Seuvi {vamp, rN++} (You found it on level 11 of the Dungeon)
 15069 | Lair:1   | Killed a four-headed hydra
 15703 | Lair:2   | Noticed kae's ghost (journeyman FoFi)
 15717 | Lair:2   | Killed kae's ghost
 15783 | Lair:2   | Found a radiant altar of Vehumet.
 16213 | Lair:3   | Found a staircase to the Snake Pit.
 16520 | Lair:3   | Received a gift from Okawaru
 16561 | Lair:3   | Identified a +1 pair of boots of running (Okawaru gifted it to you on level 3 of the Lair of Beasts)
 16737 | Lair:3   | Found a staircase to the Swamp.
 17069 | Lair:4   | Reached XP level 13. HP: 123/123 MP: 16/16
 17140 | Lair:4   | HP: 3/123 [eight-headed hydra (8)]
 17140 | Lair:4   | Slain by an eight-headed hydra

Skill      XL: |  1  2  3  4  5  6  7  8  9 10 11 12 |
---------------+-------------------------------------+-----
Axes           | 4 5 6 7 8 10 12 13 14 | 14.9
Fighting       | 3 4 5 6 8 10 11 12 13 | 13.7
Dodging        | 4 5 6 |  6.2
Armour         | 2 5 8 10 11 13 | 13.5
Invocations    | 1 5 |  5.5
Throwing       | |  2.0

Action                   |  1- 3 |  4- 6 |  7- 9 | 10-12 | 13-15 || total
-------------------------+-------+-------+-------+-------+-------++-------
Melee: War axe           |    80 |   130 |   225 |   815 |       ||  1250
       Headbutt          |    10 |    14 |    50 |   158 |     1 ||   233
       Punch             |       |       |       |     1 |       ||     1
       Mace              |       |       |       |     7 |     8 ||    15
 Fire: Blowgun           |       |    17 |     5 |    10 |       ||    32
Throw: Throwing net      |       |       |       |     1 |       ||     1
Invok: Heroism           |       |       |       |     5 |       ||     5
       Finesse           |       |       |       |     1 |       ||     1
Evoke: Wand              |       |     3 |     5 |    18 |       ||    26
  Use: Scroll            |    10 |     2 |     4 |    15 |       ||    31
       Potion            |       |       |       |     6 |     1 ||     7
 Stab: Paralysed         |       |     2 |    16 |       |       ||    18
       Confused          |       |       |       |     3 |       ||     3
       Held in net/web   |       |       |       |     1 |       ||     1
  Eat: Chunk             |     1 |     5 |    10 |    23 |       ||    39
       Bread ration      |       |     1 |       |     3 |       ||     4
       Beef jerky        |       |       |       |     3 |     3 ||     6
Armor: Leather armour    |    18 |       |       |       |       ||    18
       Ring mail         |     5 |    46 |    70 |    39 |       ||   160
       Chain mail        |       |       |       |   261 |       ||   261
       Skin              |       |       |       |    13 |       ||    13
       Scale mail        |       |       |       |    39 |    23 ||    62
Dodge: Dodged            |    65 |    89 |   122 |   391 |    19 ||   686
